 Dungeon Crawl Stone Soup version 0.17.1-3-g152610e (webtiles) character file.

210 Goblin1989 the Cutter (level 6, 39/39 HPs)
             Began as a Kobold Berserker on Feb 22, 2016.
             Was a Priest of Trog.
             Quit the game on level 3 of the Dungeon on Feb 23, 2016.
             The game lasted 00:10:24 (3315 turns).

Goblin1989 the Cutter (Kobold Berserker)            Turns: 3315, Time: 00:10:24

Health: 39/39      AC:  7    Str: 17    XL:     6   Next: 12%
Magic:  6/6        EV: 15    Int:  5    God:    Trog [***...]
Gold:   116        SH:  0    Dex: 16    Spells: 0 memorised, 5 levels left

rFire  . . .     SeeInvis .     a - +0 short sword
rCold  . . .     Clarity  .     j - +0 ring mail
rNeg   . . .     SustAt   .     (shield restricted)
rPois  .         Gourm    .     n - +0 helmet
rElec  .         Spirit   .     (no cloak)
rCorr  .         Warding  .     f - +0 pair of gloves
rMut   .         Stasis   .     (no boots)
MR     .....                    (no amulet)
Stlth  ++........               (no ring)
                                (no ring)

@: not resistant to hostile enchantments, unstealthy
A: carnivore 3
a: Berserk, Trog's Hand, Burn Spellbooks, Renounce Religion


You were on level 3 of the Dungeon.
You worshipped Trog.
Trog was most pleased with you.
You were completely stuffed.

You visited 1 branch of the dungeon, and saw 3 of its levels.

You collected 116 gold pieces.

Inventory:

Hand Weapons
 a - a +0 short sword (weapon)
Missiles
 b - 23 bolts
Armour
 f - a +0 pair of gloves (worn)
 j - a +0 ring mail (worn)
 n - a +0 helmet (worn)
Jewellery
 h - a +3 ring of intelligence {unknown}
 r - an uncursed ring of wizardry {unknown}
Scrolls
 d - a scroll of blinking {unknown}
 i - a scroll of remove curse {unknown}
 k - a scroll of teleportation {unknown}
 m - 3 scrolls of identify {unknown}
 o - a scroll of magic mapping {unknown}
 t - a scroll of fog {unknown}
Potions
 e - 2 potions of agility {unknown}
 g - 2 potions of brilliance {unknown}
 l - 3 potions of heal wounds {unknown}
 p - 2 potions of beneficial mutation {unknown}
Comestibles
 c - 3 meat rations
 q - 4 chunks of flesh
 s - a royal jelly


   Skills:
 + Level 4.4 Fighting
 * Level 6.0 Short Blades
 - Level 1.5 Armour
 + Level 3.7 Dodging
 + Level 3.3 Stealth


You had 5 spell levels left.
You didn't know any spells.

Dungeon Overview and Level Annotations

Branches:
Dungeon (3/15)

Altars:
Qazlal
Xom


Innate Abilities, Weirdness & Mutations

You are small and have problems with some larger weapons.
You are carnivorous and can eat meat at any time.


Message History

a ring mail; an orc corpse You butcher the orc corpse.
q - 4 chunks of flesh You see here a ring mail.
You see here an orc corpse.
You're too full to eat anything.
You're too full to eat anything.
Unknown command.
Items here: ) [ †† a dagger; a robe; an adder corpse; an orc corpse You see here a ring mail.
t - a scroll labeled EMASEOFFUT You see here a ring mail.
Items here: ) [ †† a dagger; a robe; an adder corpse; an orc corpse As you open the door, it creaks loudly!
Found a ring mail.
Found a shimmering altar of Xom.
There is an open door here.
Found a shimmering altar of Xom.
Are you sure you want to abandon this character and quit the game? (Confirm with "yes".)

##...#######.
#.....# ##...##
##[.#
#.#####)†#
#.......#
#.#####'##
##...## #..[.@#
#......^.≈≈_#.
#.......#.♣#≈^♣
+.......#... .≈
#.......# _≈.
##....... ##≈≈#
##.....# #^##
##...## .#


There were no monsters in sight!

Vanquished Creatures
  Jessica (D:3)
  An orc wizard (D:3)
  Robin (D:3)
  5 adders
  3 gnolls (D:2)
  2 giant geckos
  4 orcs (D:3)
  3 giant cockroaches
  15 goblins
  6 hobgoblins
  2 jackals (D:1)
  8 kobolds
  A quokka (D:2)
  11 bats
  3 giant newts
  5 rats
71 creatures vanquished.

Notes
Turn   | Place    | Note
--------------------------------------------------------------
     0 | D:1      | Goblin1989 the Kobold Berserker began the quest for the Orb.
     0 | D:1      | Reached XP level 1. HP: 14/14 MP: 1/1
   289 | D:1      | Reached XP level 2. HP: 8/19 MP: 2/2
   808 | D:1      | Reached skill level 1 in Stealth
   940 | D:1      | Reached XP level 3. HP: 23/23 MP: 3/3
  1057 | D:2      | Reached ** piety under Trog
  1234 | D:2      | Reached XP level 4. HP: 19/29 MP: 4/4
  1315 | D:2      | Reached skill level 5 in Short Blades
  2220 | D:3      | Noticed Robin
  2285 | D:3      | Reached XP level 5. HP: 28/33 MP: 5/5
  2292 | D:3      | Killed Robin
  2365 | D:3      | Noticed Jessica
  2385 | D:3      | Killed Jessica
  2767 | D:3      | Reached *** piety under Trog
  3077 | D:3      | Found a stormy altar of Qazlal.
  3116 | D:3      | Reached XP level 6. HP: 21/39 MP: 6/6
  3126 | D:3      | Reached skill level 6 in Short Blades
  3311 | D:3      | Found a shimmering altar of Xom.
  3314 | D:3      | Found a shimmering altar of Xom.
  3315 | D:3      | Quit the game

Action                   |  1- 3 |  4- 6 || total
-------------------------+-------+-------++-------
Melee: Short sword       |   112 |   201 ||   313
Invok: Berserk           |     2 |     2 ||     4
 Stab: Sleeping          |     4 |     2 ||     6
  Eat: Chunk             |     8 |    12 ||    20
